AoeStats
← Predatory Shadow

Lombardia

509787667Analyzed
2v2 RM · 4d ago on Sep 28, 2026· 59m 1s· 4 players
Game mode
Random Map
Map size
Medium (4 player)
Population
200
Speed
Normal
Resources
Standard
Victory
Conquest
Starting age
Dark Age
Ending age
Imperial Age
RankedLock teamsTeams togetherTeam positionsShared explorationLock speedFull tech treeHidden civsTurbo modeCheats
Victory
Defeat
🇨🇱 Lithuanians · Chile
958
+16
🇨🇱 Teutons · Chile
942
+18
🇦🇷 Portuguese · Argentina
968
-17
🇦🇷 Wei · Argentina
965
-17
Sir Rorros Darle
5:00 Loom
10:52 Feudal Age
12:23 Horse Collar
12:31 Double-Bit Axe
19:50 Castle Age
18:22 Stone Mining
20:40 Caravan
21:38 Wheelbarrow
20:53 Pikeman
23:47 Stone Shaft Mining
24:26 Fervor
25:29 Gold Mining
28:48 Sanctity
29:24 Bow Saw
29:17 Heavy Plow
32:16 Bloodlines
32:06 Husbandry
38:12 Imperial Age
36:21 Hand Cart
35:52 Town Watch
36:28 Hand Cart
36:37 Scale Barding Armor
36:33 Scale Mail Armor
36:44 Forging
36:24 Fletching
36:34 Padded Archer Armor
39:19 Block Printing
39:14 Redemption
39:55 Crop Rotation
39:52 Halberdier
41:22 Ballistics
42:03 Chemistry
41:18 Town Patrol
40:44 Man-at-Arms
41:24 Squires
40:51 Onager
42:08 Chain Barding Armor
42:25 Iron Casting
42:06 Leather Archer Armor
41:46 Bodkin Arrow
42:07 Chain Mail Armor
41:25 Cavalier
43:25 Plate Barding Armor
42:49 Treadmill Crane
43:20 Masonry
43:39 Conscription
44:19 Illumination
43:33 Elite Skirmisher
45:35 Bracer
46:05 Ring Archer Armor
45:53 Chain Mail Armor
45:56 Thumb Ring
49:04 Paladin
50:06 Murder Holes
50:22 Fortified Wall
54:03 Devotion
54:38 Theocracy
54:05 Atonement
57:45 Guilds
58:06 Coinage
58:30 Light Cavalry
59:23 Tower Shields
59:24 Hill Forts
60:00 Hoardings
sio_24
11:05 Feudal Age
9:21 Loom
12:35 Double-Bit Axe
12:32 Horse Collar
19:30 Castle Age
19:53 Gold Mining
21:19 Bow Saw
22:45 Caravan
24:34 Heavy Plow
25:36 Wheelbarrow
25:36 Stone Mining
25:52 Scale Mail Armor
27:52 Pikeman
30:24 Ballistics
31:01 Hand Cart
30:50 Town Watch
32:12 Town Patrol
33:08 Bloodlines
34:49 Fortified Wall
34:49 Masonry
38:20 Imperial Age
37:17 Forging
37:13 Scale Barding Armor
37:47 Fletching
39:05 Chain Barding Armor
38:32 Cavalier
40:53 Two-Man Saw
40:24 Crop Rotation
40:31 Stone Shaft Mining
41:01 Elite Skirmisher
41:11 Halberdier
42:30 Iron Casting
42:10 Chain Mail Armor
42:32 Plate Barding Armor
43:18 Paladin
45:28 Conscription
45:47 Bodkin Arrow
45:52 Padded Archer Armor
46:52 Blast Furnace
46:22 Plate Mail Armor
49:44 Crenellations
51:26 Elite Teutonic Knight
53:49 Plate Mail Armor
Predatory Shadow
0:35 Loom
10:51 Feudal Age
20:30 Castle Age
19:30 Double-Bit Axe
19:38 Gold Mining
19:38 Stone Mining
19:37 Horse Collar
23:15 Wheelbarrow
22:55 Bow Saw
27:40 Hand Cart
27:11 Town Watch
29:36 Town Patrol
31:01 Tuntian
30:40 Crossbowman
31:31 Heavy Plow
35:35 Imperial Age
32:48 Treadmill Crane
33:43 Ballistics
34:07 Husbandry
34:18 Bloodlines
33:29 Light Cavalry
34:34 Masonry
34:20 Murder Holes
34:36 Fortified Wall
34:17 Heated Shot
34:28 Elite Skirmisher
35:03 Guard Tower
35:31 Forging
35:26 Scale Barding Armor
37:10 Conscription
37:26 Hoardings
38:04 Scale Barding Armor
38:37 Iron Casting
40:04 Ming Guang Armor
40:18 Elite Tiger Cavalry
41:07 Thumb Ring
42:28 Man-at-Arms
43:11 Squires
42:56 Arson
42:32 Pikeman
43:48 Long Swordsman
44:39 Halberdier
48:22 Blast Furnace
47:23 Scale Mail Armor
47:13 Fletching
47:23 Padded Archer Armor
47:44 Chain Barding Armor
54:28 Chain Mail Armor
54:08 Bodkin Arrow
56:11 Caravan
59:07 Stone Shaft Mining
59:07 Gold Shaft Mining
Magic3arth
6:53 Loom
11:41 Feudal Age
15:08 Fletching
15:20 Padded Archer Armor
22:03 Castle Age
20:39 Stone Mining
21:23 Horse Collar
21:33 Double-Bit Axe
21:42 Gold Mining
26:05 Bow Saw
30:03 Thumb Ring
30:13 Light Cavalry
31:04 Bloodlines
30:35 Crossbowman
31:48 Bodkin Arrow
32:08 Leather Archer Armor
34:17 Heavy Plow
36:16 Leather Archer Armor
36:12 Forging
37:18 Husbandry
37:27 Scale Barding Armor
46:33 Imperial Age
44:40 Wheelbarrow
43:50 Town Watch
45:42 Stone Shaft Mining
45:26 Pikeman
45:52 Gambesons
46:16 Scale Mail Armor
46:52 Iron Casting
47:16 Bracer
47:46 Ring Archer Armor
48:42 Halberdier
48:56 Halberdier
50:18 Hand Cart
51:04 Two-Man Saw
51:29 Blast Furnace
50:49 Chain Barding Armor
55:03 Chain Mail Armor
55:24 Plate Barding Armor
Connection lost

Rejoining the realm…

Still unreachable

The connection could not be restored.

Session expired

The server has moved on; the page needs a fresh start.